AoeStats
← taiwan180

African Clearing

510814965Analyzed
4v4 RM · 1d ago on Oct 2, 2026· 47m 16s· 8 players
Game mode
Random Map
Map size
Large (8 player)
Population
200
Speed
Normal
Resources
Standard
Victory
Conquest
Starting age
Dark Age
Ending age
Imperial Age
RankedLock teamsTeams togetherTeam positionsShared explorationLock speedFull tech treeHidden civsTurbo modeCheats
Victory
Defeat
🇮🇳 Slavs · India
1442
+4
🇹🇷 Malians · Türkiye
1146
+13
🇮🇳 Byzantines · India
1050
+16
🇮🇳 Italians · India
995
+18
🇧🇷 Khmer · Brazil
1113
-15
🇺🇸 Celts · United States
1103
-13
🇦🇷 Danes · Argentina
1103
-13
🇨🇱 Persians · Chile
1011
-10
taiwan180
3:00 Loom
15:39 Feudal Age
18:59 Castle Age
18:54 Double-Bit Axe
20:20 Bow Saw
23:18 Wheelbarrow
22:29 Town Watch
27:13 Gold Mining
27:13 Stone Mining
27:13 Horse Collar
29:10 Hand Cart
30:07 Gold Shaft Mining
30:08 Stone Shaft Mining
29:35 Heavy Plow
34:10 Scale Barding Armor
34:16 Forging
34:10 Husbandry
34:29 Light Cavalry
38:41 Imperial Age
38:08 Bloodlines
38:24 Ballistics
38:01 Murder Holes
38:58 Chain Barding Armor
39:13 Iron Casting
38:58 Heavy Scorpion
40:05 Conscription
40:38 Plate Barding Armor
41:23 Double Crossbow
43:29 Blast Furnace
42:19 Fletching
43:32 Chemistry
42:31 Hussar
44:18 Siege Engineers
45:59 Pikeman
46:37 Halberdier
Sgt. Shaftoe
10:02 Loom
14:17 Feudal Age
15:09 Double-Bit Axe
15:33 Man-at-Arms
20:47 Fletching
26:29 Castle Age
36:39 Pikeman
42:06 Horse Collar
Tio Nacho
9:15 Loom
18:16 Feudal Age
19:05 Town Watch
19:10 Double-Bit Axe
19:44 Horse Collar
25:00 Castle Age
28:27 Wheelbarrow
29:25 Bow Saw
35:04 Hand Cart
40:50 Town Patrol
45:24 Gold Mining
Larvabot
14:07 Feudal Age
16:03 Bloodlines
20:54 Loom
25:49 Castle Age
27:33 Husbandry
27:46 Forging
30:16 Fishing Lines
31:28 Scale Barding Armor
34:46 Iron Casting
36:50 Gillnets
38:30 Gold Mining
39:16 Wheelbarrow
42:14 Pikeman
42:48 Gambesons
43:04 Squires
42:49 Arson
45:11 Scale Mail Armor
46:37 Chain Mail Armor
Secking13
3:40 Loom
13:00 Feudal Age
19:25 Castle Age
17:33 Double-Bit Axe
19:19 Bloodlines
19:21 Forging
19:17 Scale Barding Armor
19:12 Scale Mail Armor
25:30 Fletching
25:40 Padded Archer Armor
28:53 Horse Collar
31:19 Iron Casting
30:53 Squires
34:31 Husbandry
34:23 Pikeman
36:43 Wheelbarrow
39:24 Chain Mail Armor
39:15 Scale Barding Armor
40:01 Hand Cart
42:57 Imperial Age
41:12 Town Watch
41:25 Bodkin Arrow
41:54 Chain Barding Armor
46:02 Conscription
45:46 Tigui
47:16 Chemistry
46:36 Ballistics
46:14 Murder Holes
Vadok
10:45 Loom
15:27 Feudal Age
17:50 Forging
17:46 Scale Barding Armor
17:51 Horse Collar
18:25 Bloodlines
19:25 Double-Bit Axe
23:26 Castle Age
22:51 Fletching
23:01 Padded Archer Armor
23:59 Crossbowman
24:30 Light Cavalry
25:11 Husbandry
32:29 Iron Casting
36:35 Bodkin Arrow
36:57 Leather Archer Armor
44:58 Imperial Age
44:00 Wheelbarrow
46:05 Hand Cart
45:49 Hussar
47:31 Ballistics
48:12 Chemistry
Mystogan
8:33 Loom
15:26 Feudal Age
16:48 Horse Collar
16:54 Double-Bit Axe
19:16 Castle Age
20:18 Heavy Plow
20:33 Bow Saw
25:26 Stone Mining
27:17 Wheelbarrow
26:27 Town Watch
26:43 Gold Mining
28:40 Scale Barding Armor
29:24 Detinets
30:42 Chain Barding Armor
30:40 Bloodlines
32:22 Husbandry
32:38 Forging
35:38 Imperial Age
34:42 Gold Shaft Mining
34:24 Hand Cart
34:48 Iron Casting
37:02 Plate Barding Armor
39:03 Blast Furnace
39:28 Fletching
42:33 Conscription
44:46 Hoardings
SinisterIssue
9:01 Loom
15:48 Feudal Age
17:40 Double-Bit Axe
20:02 Fletching
20:13 Padded Archer Armor
25:07 Horse Collar
38:22 Castle Age
41:56 Bow Saw
45:19 Heavy Plow
46:28 Gold Mining
48:23 Gold Shaft Mining
Connection lost

Rejoining the realm…

Still unreachable

The connection could not be restored.

Session expired

The server has moved on; the page needs a fresh start.